Map: Acid Plant LE

Players

Buster - Winner!

  • Race: Terran Terran
  • Spawn Location: 11:00

Nice

  • Race: Protoss Protoss
  • Spawn Location: 5:00

Event: WCS Montreal 2018

VOD

Have the link to the VOD?

Description

Time

  • Played on: Sept. 7, 2018, 1:23 p.m.
  • Length: 19:04

All games in this series

Show
View Real Time Build Order
Export as new Build Order

Buster Terran - Winner!

Build Orders: MMM Bio, Banshee Rush 

Get SALT Encoding   

  12  0:00  SCV  
  13  0:13  Supply Depot  
  13  0:19  SCV  
  14  0:31  SCV  
  15  0:38  Barracks  
  15  0:44  Refinery  
  15  0:48  SCV  
  16  0:54  Refinery  
  16  1:00  SCV  
  17  1:12  SCV  
  19  1:25  Reaper, Orbital Command  
  19  1:33  Supply Depot  
  19  1:47  Factory  
  19  1:53  SCV  
  20  1:58  Reaper  
  21  2:05  SCV  
  22  2:17  SCV  
  23  2:29  SCV  
  23  2:30  Reaper  
  23  2:31  Hellion, Starport  
  26  2:40  Supply Depot  
  26  2:41  SCV  
  27  2:53  Hellion, SCV  
  30  3:07  Starport Tech Lab  
  30  3:14  Hellion  
  32  3:26  Command Center, Cloaking Field  
  32  3:34  Banshee  
  32  3:40  SCV  
  36  3:44  Supply Depot  
  35  3:54  SCV  
  35  3:55  Cyclone  
  38  4:06  SCV  
  39  4:17  Banshee, Barracks  
  39  4:18  Barracks Reactor  
  39  4:19  SCV  
  43  4:27  Cyclone  
  43  4:31  SCV  
  45  4:41  Barracks  
  45  4:43  SCV  
  46  4:55  SCV  
  47  5:01  Orbital Command  
  47  5:02  Marine x2  
  49  5:07  SCV  
  50  5:18  Factory Tech Lab  
  50  5:19  SCV  
  50  5:20  Marine  
  49  5:23  Barracks Tech Lab, Marine  
  49  5:26  Supply Depot  
  49  5:27  SCV  
  51  5:31  SCV  
  51  5:33  Marine  
  50  5:37  Siege Tank  
  50  5:38  Marine  
  50  5:39  SCV  
  55  5:43  SCV  
  55  5:44  Banshee, Engineering Bay  
  55  5:47  Marine x2  
  61  5:52  SCV  
  61  5:53  Stimpack  
  61  5:54  Marine  
  63  5:57  Marine  
  63  6:02  Bunker, SCV  
  65  6:05  Marine  
  65  6:08  SCV  
  65  6:13  Marine x2  
  65  6:14  SCV  
  68  6:19  Terran Infantry Weapons Level 1  
  68  6:20  SCV  
  68  6:21  Siege Tank  
  68  6:24  Refinery, Supply Depot  
  70  6:40  Supply Depot  
  70  6:41  Marine x2  
  70  6:42  SCV  
  70  6:44  Marine x2  
  70  6:45  SCV, Missile Turret  
  70  6:48  Missile Turret  
  70  6:54  SCV  
  60  6:57  SCV  
  60  6:59  Marine x2  
  55  7:02  Marine x2  
  55  7:06  SCV  
  56  7:09  SCV  
  56  7:14  Starport Tech Lab  
  54  7:17  Cyclone, Marine x2  
  54  7:20  Marine x2  
  61  7:26  Starport  
  61  7:30  Supply Depot  
  61  7:35  Marine x2  
  61  7:36  SCV  
  64  7:37  SCV  
  64  7:38  Marine x2  
  64  7:39  Banshee  
  70  7:47  Barracks x2  
  70  7:48  Missile Turret, SCV  
  70  7:50  Cyclone  
  74  7:53  Marine  
  74  7:57  Marine x2  
  76  8:00  Marine  
  76  8:02  SCV  
  78  8:06  Starport Reactor  
  78  8:08  Combat Shields  
  78  8:16  Marine x3  
  81  8:21  Marine  
  82  8:33  Marine x2, Refinery  
  84  8:37  Barracks Reactor x2  
  84  8:39  Barracks Tech Lab  
  84  8:40  SCV  
  85  8:42  Terran Infantry Armor Level 1  
  85  8:46  SCV  
  85  8:47  Command Center  
  86  8:56  SCV  
  86  8:59  Siege Tank  
  90  9:03  Marine  
  90  9:04  Marine x2  
  90  9:07  SCV  
  90  9:10  Supply Depot  
  80  9:17  SCV  
  80  9:21  SCV  
  80  9:22  Marauder, Marine x4  
  81  9:24  Medivac x2  
  81  9:29  SCV  
  83  9:33  Marine  
  83  9:34  Marine x2  
  83  9:36  SCV  
  90  9:40  Marine x2  
  90  9:41  SCV  
  90  9:43  Marine  
  94  9:50  Marine x2  
  94  9:51  Missile Turret  
  96  9:54  Medivac x2  
  96  9:59  SCV, Orbital Command  
  98  10:00  SCV  
  98  10:02  Marine x2  
  98  10:03  Marine  
  101  10:07  Marauder  
  101  10:08  Marine  
  101  10:09  Marauder  
  101  10:11  SCV  
  102  10:14  SCV  
  102  10:16  Factory Reactor  
  102  10:20  Marine  
  101  10:21  Marine x3  
  101  10:22  Armory  
  101  10:24  Medivac x2  
  101  10:26  SCV  
  101  10:28  Marauder  
  111  10:30  SCV, Refinery  
  112  10:41  Marauder  
  112  10:47  Liberator, Marine x3  
  112  10:49  Marauder  
  110  10:52  Marine x2  
  110  10:54  Widow Mine x2  
  110  10:55  Liberator  
  110  10:56  Refinery  
  116  11:03  Marauder  
  117  11:07  Marine x2  
  117  11:12  SCV x3, Supply Depot  
  117  11:14  Marauder  
  117  11:15  Supply Depot  
  117  11:18  Widow Mine  
  117  11:22  Terran Infantry Weapons Level 2  
  117  11:24  SCV  
  117  11:29  Liberator  
  117  11:33  Marine x3  
  117  11:34  Marauder, Widow Mine  
  117  11:39  Widow Mine  
  126  11:40  Marine  
  126  11:46  Marine  
  133  11:47  Marauder  
  133  11:51  Marine x2  
  113  11:55  Marauder, Widow Mine  
  113  11:57  Marine  
  113  12:00  Widow Mine, Marine x2  
  103  12:04  Marine  
  103  12:08  Marauder  
  96  12:09  Marine  
  96  12:12  SCV  
  96  12:13  SCV  
  96  12:15  Marine x2  
  75  12:17  Marauder, Widow Mine  
  75  12:20  Medivac  
  75  12:22  Widow Mine, Marine  
  80  12:29  Marauder, Marine x2  
  81  12:34  Medivac  
  81  12:35  Marine x3  
  83  12:38  Marauder  
  83  12:39  Marine  
  83  12:42  Widow Mine  
  83  12:43  Widow Mine  
  88  12:44  SCV  
  88  12:45  SCV  
  88  12:46  SCV  
  88  12:47  Marine  
  92  12:56  SCV  
  92  12:57  SCV  
  91  13:01  Marauder, Marine x2  
  91  13:02  SCV  
  91  13:05  Medivac x2, Widow Mine  
  103  13:06  Widow Mine  
  103  13:12  Marauder, Marine x2  
  103  13:17  Liberator  
  103  13:18  Liberator  
  92  13:27  SCV  
  92  13:28  Orbital Command  
  92  13:29  Marine x3  
  92  13:30  Marine x2  
  97  13:38  Concussive Shells  
  103  13:44  Marauder  
  105  13:49  Widow Mine x2  
  109  13:55  Orbital Command  
  109  13:59  Marine  
  109  14:00  Marauder, Marine x3  
  113  14:13  Marauder  
  109  14:17  SCV  
  109  14:18  SCV  
  109  14:21  SCV  
  110  14:31  Missile Turret  
  110  14:36  Marine x3  
  113  14:50  Marauder, Marine x3  
  118  14:56  Liberator  
  118  14:59  Marauder  
  112  15:01  Widow Mine x2  
  111  15:11  Marauder  
  110  15:20  SCV  
  112  15:21  SCV  
  112  15:22  SCV  
  105  15:30  Marauder  
  105  15:31  Marine x2  
  105  15:33  SCV  
  105  15:34  Marauder, Marine x2  
  97  15:38  Medivac  
  97  15:41  Marine  
  94  15:52  Marauder  
  94  15:54  Marine  
  94  15:55  Marine  
  94  15:56  Marauder  
  97  16:00  Widow Mine x2  
  97  16:01  Marine x4  
  98  16:06  Medivac  
  100  16:12  Marine  
  100  16:13  Marauder  
  100  16:17  Medivac, Marauder  
  104  16:21  Marine x5  
  104  16:24  Supply Depot  
  110  16:25  SCV  
  110  16:28  SCV, Ghost Academy  
  110  16:31  SCV  
  112  16:37  SCV  
  115  16:41  Widow Mine  
  115  16:44  SCV  
  115  16:47  Marine  
  120  16:51  SCV  
  120  16:52  SCV  
  116  16:58  Widow Mine, Ghost x2  
  118  17:10  Medivac x2  
  118  17:12  Supply Depot  
  117  17:22  Marine  
  117  17:23  Marine x2  
  117  17:28  Widow Mine x2  
  120  17:41  Ghost x2  
  107  17:52  Marine x3  
  107  17:55  Widow Mine  
  103  18:00  Marine  
  103  18:01  Marine  
  104  18:08  Marine  
  104  18:09  Ghost  
  104  18:16  Marine  
Show
View Real Time Build Order
Export as new Build Order

Nice Protoss 

Build Orders: Oracle Opening 

Get SALT Encoding   

  12  0:00  Probe  
  13  0:13  Probe  
  14  0:18  Pylon  
  14  0:24  Probe  
  15  0:32  Probe  
  15  0:38  Gateway  
  15  0:40  Probe  
  16  0:48  Assimilator  
  17  0:51  Probe  
  18  1:03  Probe  
  19  1:15  Probe  
  20  1:26  Assimilator  
  20  1:27  Zealot  
  20  1:30  Cybernetics Core  
  20  1:31  Pylon  
  22  1:33  Probe  
  23  1:45  Probe  
  23  1:52  Pylon  
  23  1:53  Probe  
  24  1:57  Adept  
  25  2:03  Probe  
  25  2:08  Warp Gate  
  28  2:27  Twilight Council  
  28  2:28  Stargate  
  28  2:30  Adept  
  30  2:53  Nexus  
  30  2:58  Adept  
  30  3:04  Oracle  
  30  3:05  Shield Battery  
  34  3:25  Adept  
  36  3:35  Pylon  
  36  3:38  Oracle  
  39  3:56  Probe  
  40  4:10  Oracle  
  43  4:19  Probe x2  
  45  4:26  Gateway  
  45  4:27  Gateway  
  46  4:31  Probe x2  
  47  4:43  Probe x2  
  48  4:46  Phoenix  
  48  4:52  Stalker  
  49  4:55  Probe x2  
  50  5:07  Probe x2  
  50  5:10  Phoenix  
  53  5:28  Probe x2  
  53  5:29  Oracle  
  53  5:40  Probe x2  
  58  5:52  Probe  
  58  5:53  Probe  
  60  6:04  Probe  
  60  6:05  Probe  
  62  6:16  Pylon  
  62  6:18  Pylon  
  62  6:20  Shield Battery  
  62  6:24  Oracle  
  62  6:30  Pylon  
  62  6:34  Probe x2  
  62  6:37  Stalker x2  
  62  6:38  Stalker  
  73  6:46  Probe x2  
  75  6:52  Oracle  
  72  6:58  Probe  
  66  7:06  Probe  
  64  7:12  Adept x3  
  70  7:23  Probe x2  
  70  7:25  Assimilator  
  70  7:27  Assimilator  
  70  7:28  Oracle  
  72  7:35  Probe x2  
  74  7:38  Pylon  
  77  7:47  Probe  
  77  7:49  Probe  
  77  7:51  Nexus  
  79  7:59  Probe  
  79  8:01  Probe  
  79  8:05  Forge  
  65  8:06  Phoenix  
  65  8:12  Probe, Twilight Council  
  66  8:13  Probe  
  69  8:21  Protoss Ground Weapons Level 1  
  69  8:23  Gateway x2  
  69  8:24  Probe  
  69  8:26  Gateway  
  70  8:31  Resonating Glaives  
  70  8:32  Gateway  
  70  8:40  Adept x3  
  75  9:04  Adept  
  75  9:05  Adept x2  
  50  9:26  Adept x3  
  53  9:36  Phoenix  
  53  9:38  Adept x4  
  63  10:01  Phoenix  
  63  10:03  Adept x4  
  63  10:04  Adept x3  
  79  10:15  Probe x3  
  82  10:22  Robotics Facility  
  82  10:27  Adept  
  82  10:28  Adept  
  86  10:29  Adept  
  86  10:32  Phoenix  
  90  10:50  Adept x2, Phoenix  
  90  10:51  Adept x2  
  94  11:06  Adept x3  
  100  11:20  Pylon  
  100  11:25  Pylon  
  99  11:40  Phoenix  
  70  12:02  Adept x3  
  70  12:03  Adept x4, Phoenix  
  66  12:28  Adept x5  
  66  12:29  Adept  
  78  12:36  Phoenix  
  80  12:45  Zealot  
  82  12:58  Nexus  
  80  13:09  Adept x3  
  86  13:22  Templar Archives  
  84  13:29  Phoenix  
  84  13:33  Psionic Storm  
  86  13:39  Warp Prism  
  88  14:04  High Templar  
  88  14:05  High Templar x5  
  66  14:21  High Templar  
  68  14:29  Charge  
  68  14:37  High Templar x2  
  68  14:38  Adept x2  
  76  14:40  Zealot x2  
  76  14:41  Archon  
  80  15:05  Zealot x5  
  90  15:13  Archon  
  90  15:17  Nexus  
  90  15:21  High Templar x2  
  80  15:38  Zealot x3  
  70  16:03  High Templar  
  66  16:04  High Templar  
  66  16:05  Zealot x2  
  72  16:16  Warp Prism  
  74  16:35  High Templar  
  74  16:38  Zealot  
  76  16:44  High Templar  
  75  16:47  Pylon  
  75  16:53  Assimilator  
  73  16:56  Assimilator, Probe  
  73  16:57  Probe  
  75  17:06  Zealot x2  
  75  17:20  Zealot x3  
  81  17:26  High Templar  
  81  17:35  Zealot x3  
  81  17:52  High Templar, Zealot x2  
  81  17:54  Immortal  
  87  18:03  Assimilator  
  87  18:18  Zealot  
  87  18:32  Archon  
  87  18:35  Zealot x6  
  71  18:56  Archon x2  
Tags
 
Add a new tag
Caveats
  • Supply blocks, unpowered buildings, or Contaminate may cause inaccurate times.
  • Supply counts are checked every 10 seconds.